 Dungeon Crawl Stone Soup version 0.20.1-1-g8b1a95d (webtiles) character file.

14987 polve the Transmogrifier (level 12, -1/105 HPs)
             Began as a Naga Transmuter on July 3, 2017.
             Was an Initiate of Cheibriados.
             Slain by an eight-headed hydra (2 damage)
             ... on level 2 of the Lair of Beasts.
             The game lasted 00:31:19 (21608 turns).

polve the Transmogrifier (Naga Transmuter)         Turns: 21608, Time: 00:31:19

Health: -1/105     AC:  8    Str: 19    XL:     12   Next: 22%
Magic:  19/19      EV: 14    Int: 19    God:    Cheibriados [......]
Gold:   685        SH:  0    Dex: 13    Spells: 6/21 levels left

rFire    + . .     SeeInvis +     - Unarmed
rCold    . . .     Gourm    .   (shield currently unavailable)
rNeg     . . .     Faith    .   c - +1 animal skin
rPois    +         Spirit   .   S - +1 hat
rElec    .         Reflect  .   n - +0 cloak
rCorr    .         Harm     .   (gloves currently unavailable)
MR       +....                  (no barding)
Stlth    ++++......             (no amulet)
Regen    0.3/turn               s - +5 ring of strength
MPRegen  0.2/turn               i - ring of protection from fire

@: blade hands, very slightly contaminated, very slow
A: see invisible, deformed body, poison resistance, slowness 2, slow metabolism
1, spit poison 1, AC +4
a: Spit Poison, End Transformation, Bend Time, Renounce Religion


You were on level 2 of the Lair of Beasts.
You worshipped Cheibriados.
Cheibriados was noncommittal.
You were not hungry.
You had blades for hands.
You visited 3 branches of the dungeon, and saw 12 of its levels.
You also visited: Ossuary.

You collected 685 gold pieces.

Inventory:

Missiles
 a - 241 arrows (quivered)
Armour
 c - a +1 animal skin (worn)
 f - a +1 pair of gloves (melded)
 n - a +0 cloak (worn)
 S - a +1 hat (worn)
Jewellery
 i - a ring of protection from fire (right scythe-like blade)
 s - a +5 ring of strength (left scythe-like blade)
 u - a +3 ring of intelligence
 C - an uncursed ring of flight
 N - an uncursed ring of wizardry
 T - an uncursed ring of protection from magic
Wands
 e - a wand of confusion (12/48)
 j - a wand of iceblast (6/15)
 G - a wand of lightning (8/15)
 H - a wand of acid (3/15)
 I - a wand of scattershot (3/9)
 J - a wand of lightning (10/15)
 Q - a wand of paralysis (11/24)
Scrolls
 g - 2 scrolls of fear
 k - 4 scrolls of remove curse
 l - 2 scrolls of fog
 q - 4 scrolls of enchant armour
 y - 5 scrolls of teleportation
 z - a scroll of holy word {unknown}
 F - 2 scrolls of enchant weapon {unknown}
 K - 2 scrolls of recharging {unknown}
 L - 2 scrolls of blinking
 P - 2 scrolls of amnesia {unknown}
Potions
 b - 2 potions of ambrosia {unknown}
 o - a potion of invisibility {unknown}
 p - a potion of lignification
 r - a potion of flight {unknown}
 t - 5 potions of might
 v - 2 potions of berserk rage {unknown}
 w - a potion of curing
 A - 2 potions of cancellation
 B - 2 potions of degeneration {unknown}
 D - a potion of heal wounds
 E - 2 potions of haste {unknown}
 M - a potion of mutation {unknown}
Comestibles
 d - 10 bread rations
 h - 11 meat rations
 R - a fruit


   Skills:
 - Level 6.0 Fighting
 * Level 7.5 Dodging
 + Level 8.2 Stealth
 - Level 10.0 Unarmed Combat
 - Level 5.0 Spellcasting
 - Level 10.6 Transmutations
 + Level 4.5 Evocations


You had 6 spell levels left.
You knew the following spells:

 Your Spells              Type           Power        Failure   Level  Hunger
a - Blade Hands           Tmut           #####.....   30%         5    ######.
b - Sticks to Snakes      Tmut           #####...     10%         2    #......
c - Spider Form           Tmut/Pois      ###.......   30%         3    ##.....
d - Beastly Appendage     Tmut           #####.       8%          1    None
e - Ice Form              Ice/Tmut       ###.....     54%         4    ####...


Dungeon Overview and Level Annotations

Branches:
Dungeon (9/15)             Temple (1/1) D:6            Lair (2/6) D:9
  Swamp: Lair:2-4    Shoals: Lair:2-4     Snake: Lair:2-4    Spider: Lair:2-4
    Orc: D:9-12

Altars:
Ashenzari
Cheibriados
Dithmenos
Elyvilon
Fedhas
Gozag
Hepliaklqana
Kikubaaqudgha
Makhleb
Nemelex Xobeh
Okawaru
Qazlal
Ru
Sif Muna
Trog
Uskayaw
Vehumet
Xom
Yredelemnul
Zin
The Shining One

Shops:
D:7 *%([   D:9 *


Innate Abilities, Weirdness & Mutations

You cannot wear boots.
Your serpentine skin is tough. (AC +4)
You have supernaturally acute eyesight. (SInv)
Armour fits poorly on your strangely shaped body.
Your system is resistant to poisons. (rPois)
You cover ground very slowly.
You have a slow metabolism.
You can spit poison.


Message History

The eight-headed hydra closely misses you.
The eight-headed hydra bites you!
* * * LOW HITPOINT WARNING * * *
The eight-headed hydra bites you!
* * * LOW HITPOINT WARNING * * *
The eight-headed hydra misses you. The eight-headed hydra bites you.
* * * LOW HITPOINT WARNING * * *
The eight-headed hydra barely misses you.
The eight-headed hydra bites you.
* * * LOW HITPOINT WARNING * * *
The eight-headed hydra misses you. The eight-headed hydra bites you.
* * * LOW HITPOINT WARNING * * *
The eight-headed hydra bites you!
* * * LOW HITPOINT WARNING * * *
The eight-headed hydra bites you.
* * * LOW HITPOINT WARNING * * *
The eight-headed hydra bites you!
* * * LOW HITPOINT WARNING * * *
The eight-headed hydra bites you.
You die...

##...#.. #.P
##..#..
##...........#..#..
#P.#........##.....
#.##...........#D.
##...........#.....
#..#P...... #..#..
#..##..#.#####..##.
#.@##...##..#......
##.D....!..........
###.######.####.#.
### ### #


You could see an eight-headed hydra.

Vanquished Creatures
  Gastronok (Lair:1)
  2 two-headed ogres
  Joseph (D:9)
  A black mamba (Lair:1)
  A spiny frog (Lair:1)
  9 blink frogs (Lair:1)
  4 hippogriffs
  2 wyverns
  6 yaks (D:9)
  A hungry ghost (D:7)
  Grum (D:9)
  4 water moccasins
  4 porcupines
  4 black bears
  3 orc warriors
  A necrophage (D:9)
  5 phantoms
  8 wolves
  7 ogres
  A centaur (D:9)
  2 crocodiles (D:9)
  A big kobold (D:8)
  8 bullfrogs
  A gnoll sergeant (D:6)
  4 water moccasin zombies (Ossuary)
  7 scorpions
  10 killer bees
  5 wights (D:6)
  3 howler monkeys
  6 crimson imps
  A centaur zombie (D:7)
  4 hounds
  2 jellies
  18 orc wizards
  10 orc priests
  A gnoll shaman (D:8)
  2 bullfrog skeletons
  2 centaur skeletons
  4 iguanas
  Natasha (thrice) (D:4)
  4 worker ants
  3 big kobold zombies (Ossuary)
  A mummy (D:4)
  2 worker ant zombies
  12 gnolls
  5 adders
  A howler monkey skeleton (D:8)
  2 shadow imps (D:9)
  An ooze (D:2)
  3 adder zombies
  An adder skeleton (D:5)
  3 worms
  A dart slug (D:1)
  9 leopard geckos
  35 orcs
  11 bats
  4 giant cockroaches
  4 gnoll zombies (Ossuary)
  14 goblins
  9 hobgoblins
  18 jackals
  14 kobolds
  4 quokkas
  3 ball pythons
  8 frilled lizards
  6 hobgoblin zombies (Ossuary)
  2 kobold zombies (Ossuary)
  A leopard gecko skeleton (D:2)
  3 orc zombies (Ossuary)
  2 quokka skeletons (D:4)
  13 rats
359 creatures vanquished.

Vanquished Creatures (collateral kills)
  A water moccasin zombie (Ossuary)
  2 mummies (Ossuary)
  2 adder zombies (Ossuary)
  2 orcs (D:3)
  A kobold zombie (Ossuary)
8 creatures vanquished.

Vanquished Creatures (others)
  An orc (D:4)
  A kobold (D:8)
  A quokka (D:7)
  38 fungi (D:9)
  6 plants (D:9)
47 creatures vanquished.

Grand Total: 414 creatures vanquished

Notes
Turn   | Place    | Note
-------+----------+-------------------------------------------
     0 | D:1      | polve the Naga Transmuter began the quest for the Orb.
     0 | D:1      | Reached XP level 1. HP: 18/18 MP: 3/3
   394 | D:1      | Reached XP level 2. HP: 3/25 MP: 1/5
   401 | D:1      | Learned a level 2 spell: Sticks to Snakes
  1976 | D:1      | Reached XP level 3. HP: 29/31 MP: 6/6
  2347 | D:2      | Found a faded altar of an unknown god.
  2347 | D:2      | Found an iron altar of Okawaru.
  2984 | D:2      | Found a basalt altar of Yredelemnul.
  3405 | D:2      | Reached XP level 4. HP: 30/38 MP: 2/7
  4402 | D:2      | Reached skill level 5 in Transmutations
  4402 | D:2      | Reached XP level 5. HP: 6/44 MP: 8/8
  5429 | D:3      | Learned a level 3 spell: Spider Form
  6016 | D:3      | Reached XP level 6. HP: 49/51 MP: 9/9
  6173 | D:4      | Found a sand-covered staircase.
  6182 | Ossuary  | Entered an ossuary
  6769 | Ossuary  | Reached XP level 7. HP: 53/57 MP: 7/10
  8162 | D:4      | Noticed Natasha
  8164 | D:4      | Noticed a two-headed ogre
  8383 | D:4      | Killed Natasha
  8383 | D:4      | Reached XP level 8. HP: 47/64 MP: 5/11
  8469 | D:4      | Noticed Natasha
  8551 | D:4      | Killed Natasha
  8645 | D:4      | Killed a two-headed ogre
  8645 | D:4      | Reached skill level 10 in Transmutations
  8855 | D:4      | Learned a level 5 spell: Blade Hands
  8981 | D:4      | Found a hide-covered altar of Uskayaw.
  9324 | D:4      | Noticed Natasha
  9330 | D:4      | Killed Natasha
  9751 | D:5      | Entered Level 5 of the Dungeon
  9815 | D:5      | Reached XP level 9. HP: 72/73 MP: 12/12
 10355 | D:5      | Reached skill level 5 in Unarmed Combat
 10392 | D:5      | Found a glowing silver altar of Zin.
 10517 | D:5      | Found a shimmering altar of Xom.
 10518 | D:5      | Noticed an angel
 12481 | D:6      | Found a sparkling altar of Nemelex Xobeh.
 12640 | D:6      | Found a staircase to the Ecumenical Temple.
 13275 | Temple   | Entered the Ecumenical Temple
 13397 | D:7      | Found Detus's Antique Weapon Shop.
 13400 | D:7      | Found a hazy altar of Hepliaklqana.
 13468 | D:7      | Found Zity's Food Shoppe.
 13498 | D:7      | Found Gerhul's General Store.
 13556 | D:7      | Reached XP level 10. HP: 86/87 MP: 10/13
 13558 | D:7      | Reached skill level 5 in Fighting
 14243 | D:7      | Found a white marble altar of Elyvilon.
 14298 | D:7      | Found an opulent altar of Gozag.
 14619 | D:7      | Found Syroikeo's Armour Shoppe.
 15971 | D:8      | Paralysed by a kobold for 4 turns
 16159 | D:8      | Reached skill level 10 in Unarmed Combat
 16353 | D:8      | Got a dazzling chain mail
 16364 | D:8      | Identified the +0 chain mail "Raopisytz" {rC+ rN+ rCorr Str+3} (You found it on level 8 of the Dungeon)
 16422 | D:8      | Found a radiant altar of Vehumet.
 16795 | D:8      | Noticed a two-headed ogre
 16800 | D:8      | Killed a two-headed ogre
 16958 | D:9      | Reached XP level 11. HP: 78/97 MP: 10/16
 17225 | D:9      | Found a stormy altar of Qazlal.
 17283 | D:9      | Noticed Grum
 17594 | D:8      | Learned a level 4 spell: Ice Form
 17615 | D:9      | Killed Grum
 17719 | D:9      | Noticed Joseph
 17744 | D:9      | Reached skill level 5 in Spellcasting
 17774 | D:9      | Killed Joseph
 17774 | D:9      | Reached skill level 5 in Dodging
 17774 | D:9      | Reached skill level 1 in Stealth
 17774 | D:9      | Reached skill level 1 in Evocations
 18544 | D:9      | Found Qiegregeps's General Store.
 18786 | D:9      | Found a staircase to the Lair.
 19004 | Lair:1   | Entered Level 1 of the Lair of Beasts
 19125 | Lair:1   | Reached skill level 5 in Stealth
 20260 | Lair:1   | Noticed Gastronok
 20516 | Lair:1   | Killed Gastronok
 20516 | Lair:1   | Reached XP level 12. HP: 80/105 MP: 14/19
 21303 | Temple   | Became a worshipper of Cheibriados the Contemplative
 21589 | Lair:2   | Noticed an eight-headed hydra
 21608 | Lair:2   | HP: 1/105 [eight-headed hydra (10)]
 21608 | Lair:2   | Slain by an eight-headed hydra

Skill      XL: |  1  2  3  4  5  6  7  8  9 10 11 12 |
---------------+-------------------------------------+-----
Transmutations | 3 4 5 6 7 9 10 | 10.6
Unarmed Combat | 4 8 10 | 10.0
Fighting       | 2 4 6 |  6.0
Dodging        | 4 7 |  7.5
Spellcasting   | 3 5 |  5.0
Stealth        | 7 8 |  8.2
Evocations     | 4 |  4.5

Action                   |  1- 3 |  4- 6 |  7- 9 | 10-12 || total
-------------------------+-------+-------+-------+-------++-------
Melee: Unarmed           |   176 |   267 |   456 |   404 ||  1303
       Headbutt          |     9 |    27 |    25 |       ||    61
       Punch             |       |     7 |     6 |     8 ||    21
       Dagger            |       |    43 |       |       ||    43
 Cast: Beastly Appendage |    24 |    17 |    12 |       ||    53
       Sticks to Snakes  |       |     5 |    10 |       ||    15
       Spider Form       |       |     4 |    13 |     6 ||    23
       Blade Hands       |       |       |    21 |    48 ||    69
 Abil: Spit Poison       |     4 |     1 |     4 |     6 ||    15
  Use: Potion            |       |     2 |     2 |     5 ||     9
       Scroll            |       |       |     7 |     7 ||    14
 Stab: Distracted        |       |       |     2 |       ||     2
  Eat: Chunk             |     6 |     8 |    24 |    31 ||    69
       Fruit             |       |       |     7 |     6 ||    13
       Royal jelly       |       |       |       |     2 ||     2
Armor: Robe              |    23 |       |       |       ||    23
       Leather armour    |    44 |   125 |   134 |    43 ||   346
       Skin              |       |     2 |     3 |     7 ||    12
       Animal skin       |       |       |       |    45 ||    45
Dodge: Dodged            |   115 |   177 |   255 |   268 ||   815
